 Dungeon Crawl Stone Soup version 0.21.1-1-g345015f (webtiles) character file.

72 inc the Magician (level 4, 0/29 HPs)
             Began as an Octopode Ice Elementalist on June 17, 2018.
             Slain by Sigmund
             ... wielding a +0 scythe
              (9 damage)
             ... on level 2 of the Dungeon.
             The game lasted 00:03:17 (1787 turns).

inc the Magician (Octopode Ice Elementalist)        Turns: 1787, Time: 00:03:17

Health: 0/29       AC:  1    Str:  7    XL:     4   Next: 26%
Magic:  5/8        EV: 13    Int: 18    God:
Gold:   97         SH:  0    Dex: 12    Spells: 5/9 levels left

rFire    . . .     SeeInvis .   g - staff of cold
rCold    + . .     Gourm    .   (no shield)
rNeg     . . .     Faith    .   (helmet restricted)
rPois    .         Spirit   .   (no amulet)
rElec    .         Reflect  .   (no ring)
rCorr    .         Harm     .   (no ring)
MR       .....                  (no ring)
Stlth    +++.......             (no ring)
HPRegen  0.09/turn              (no ring)
MPRegen  0.11/turn              (no ring)
                                (no ring)
                                (no ring)

@: no status effects
A: almost no armour, stealthy swim, amphibious, 8 rings, constrict 8, camouflage
1, gelatinous body 1
a: no special abilities


You were on level 2 of the Dungeon.
You were not hungry.

You visited 1 branch of the dungeon, and saw 2 of its levels.

You collected 97 gold pieces.

Inventory:

Hand Weapons
 d - a -1 whip
 e - a +0 short sword
 l - a +2 short sword of flaming
Magical Staves
 g - an uncursed staff of cold (weapon)
Jewellery
 k - an uncursed ring of fire {unknown}
Scrolls
 b - 2 scrolls of teleportation {unknown}
 f - 4 scrolls of identify
 i - a scroll of noise {unknown}
 o - a scroll of random uselessness {unknown}
Potions
 h - 2 potions of curing
 j - 2 potions of heal wounds
 m - 2 potions of mutation {unknown}
 n - 2 potions of agility {unknown}
 p - 2 potions of lignification {unknown}
Books
 a - a book of Frost

   Spells                             Type                      Level
   a - Freeze                         Ice                          1
   b - Throw Frost                    Conjuration/Ice              2
   c - Ozocubu's Armour               Charms/Ice                   3
   d - Throw Icicle                   Conjuration/Ice              4
   e - Summon Ice Beast               Ice/Summoning                4
Comestibles
 c - 5 rations


   Skills:
 - Level 2.1 Fighting
 - Level 2.0 Dodging
 - Level 2.6 Stealth
 - Level 3.1 Spellcasting
   Level 1.0 Conjurations
 + Level 1.1 Charms
 - Level 3.0 Ice Magic


You had 5 spell levels left.
You knew the following spells:

 Your Spells              Type           Power        Failure   Level  Hunger
a - Freeze                Ice            ###.         4%          1    None
b - Ozocubu's Armour      Chrm/Ice       ###.....     21%         3    ###....


Dungeon Overview and Level Annotations

Branches:
Dungeon (2/15)

Altars:

Annotations:
D:2 Sigmund


Innate Abilities, Weirdness & Mutations

You cannot wear most types of armour.
You are very stealthy in the water. (Stealth+)
You are amphibious.
You can wear up to eight rings at the same time.
You can use your tentacles to constrict eight enemies at once.
Your skin changes colour to match your surroundings (Stealth+).
Your rubbery body absorbs attacks. (AC +1, EV +1)


Message History

Sigmund barely misses you.
You hit Sigmund. Your grab misses Sigmund.
Sigmund is lightly wounded.
Sigmund hits you with a scythe!
You hit Sigmund. Your grab misses Sigmund.
Sigmund is lightly wounded.
Sigmund closely misses you.
Unknown command.
You hit Sigmund. You freeze Sigmund! Your grab misses Sigmund.
Sigmund is moderately wounded.
Unknown command.
You hit Sigmund. Your grab misses Sigmund. You squeeze Sigmund.
Sigmund is heavily wounded.
Sigmund closely misses you.
Unknown command.
You closely miss Sigmund. Your grab misses Sigmund.
Sigmund is heavily wounded.
Sigmund laughs darkly.
Sigmund hits you with a scythe!
You die...

#..# #.# .
###.#.#############
#.#
.##.......@..†......#
#.# .#...
.....[....##.# #)#
... .######...##.#
#.#### #.# .#
##.###.# ###.....
###.###.# #.# #.#
#.....## ......<(#
#@###.######.#.#.#
#########
#.@.[..........#.#
############.###.#
#.....# #######


You could see Sigmund.

Vanquished Creatures
  2 adders (D:2)
  An ooze (D:1)
  3 worms (D:2)
  4 leopard geckos
  6 bats
  3 giant cockroaches
  5 goblins
  3 hobgoblins
  3 frilled lizards
  4 kobolds
  4 rats
38 creatures vanquished.

Notes
Turn   | Place    | Note
-------+----------+-------------------------------------------
     0 | D:1      | inc the Octopode Ice Elementalist began the quest for the Orb.
     0 | D:1      | Reached XP level 1. HP: 11/11 MP: 3/3
    23 | D:1      | Reached skill level 1 in Fighting
    66 | D:1      | Reached XP level 2. HP: 17/18 MP: 3/5
   820 | D:2      | Noticed Sigmund
   846 | D:2      | Reached XP level 3. HP: 22/24 MP: 6/6
  1623 | D:1      | Learned a level 3 spell: Ozocubu's Armour
  1639 | D:2      | Reached XP level 4. HP: 29/29 MP: 8/8
  1770 | D:2      | Reached skill level 1 in Charms
  1787 | D:2      | Slain by Sigmund

Skill      XL: |  1  2  3  4 |
---------------+-------------+-----
Fighting       | 1 2 |  2.1
Spellcasting   | 3 |  3.1
Charms         | 1 |  1.1
Dodging        | |  2.0
Stealth        | |  2.6
Conjurations   | |  1.0
Ice Magic      | |  3.0

Action                   |  1- 3 |  4- 6 || total
-------------------------+-------+-------++-------
Melee: Constrict         |    10 |     3 ||    13
       Whip              |    19 |       ||    19
       Tentacles         |     8 |     2 ||    10
       Unarmed           |     1 |       ||     1
       Short sword       |    12 |       ||    12
       Staff             |     2 |     9 ||    11
 Cast: Freeze            |    37 |     6 ||    43
  Use: Scroll            |     3 |       ||     3
 Stab: Sleeping          |     5 |     2 ||     7
  Eat: Ration            |     1 |       ||     1
Armor: Skin              |     3 |       ||     3
Dodge: Dodged            |    47 |     9 ||    56
